 Dungeon Crawl Stone Soup version 0.28.0-53-g5a82cb258f (webtiles) character file.

Game seed: 1476672835262436219

30283 Icepheonix32 the Frost Mage (level 13, -4/82 HPs)
             Began as a Demonspawn Ice Elementalist on May 26, 2022.
             Was a Believer of Uskayaw.
             Slain by a dream sheep (14 damage)
             ... on level 5 of the Lair of Beasts.
             The game lasted 00:56:35 (19094 turns).

Icepheonix32 the Frost Mage (DsIE)                 Turns: 19094, Time: 00:56:35

Health: -4/82      AC: 11    Str: 10    XL:     13   Next: 19%
Magic:  23/23      EV:  2    Int: 18    God:    Uskayaw [**....]
Gold:   1321       SH:  0    Dex: 22    Spells: 12/25 levels left

rFire   . . .      SeeInvis .   E - +7 pair of quick blades "Gyre" and "Gimble" {protect}
rCold   . . .      Faith    .   (shield currently unavailable)
rNeg    . . .      Spirit   .   C - +1 steam dragon scales
rPois   +          Reflect  .   (helmet restricted)
rElec   .          Harm     .   t - +0 cloak
rCorr   .          Rampage  .   Q - +0 pair of gloves
Will    .....                   P - +2 pair of boots
Stlth   +++++.....              (no amulet)
HPRegen 0.23/turn               M - +6 ring of dexterity
MPRegen 0.18/turn               g - ring of poison resistance

@: sleeping
A: claws 2, horns 2, demonic guardian 2, demonic magic 3
a: Renounce Religion, Stomp, Line Pass


You were on level 5 of the Lair of Beasts.
You worshipped Uskayaw.
Uskayaw was aware of your devotion.
You visited 2 branches of the dungeon, and saw 16 of its levels.

You collected 2821 gold pieces.
You spent 1500 gold pieces at shops.

Inventory:

Hand Weapons
 c - a +6 hunting sling
 y - the +5 spear of Guile {speed, rCorr Str-3 Dex+5}
   (You found it on level 6 of the Dungeon)

   Attacks with this weapon are significantly faster.
   Str:       It affects your strength (-3).
   Dex:       It affects your dexterity (+5).
   rCorr:     It protects you from acid and corrosion.
 E - the +7 pair of quick blades "Gyre" and "Gimble" (weapon) {protect}
   (You bought it in a shop on level 2 of the Dungeon)

   It grants its wielder temporary protection when it strikes (+7 to AC).
Missiles
 m - 795 stones
 r - a throwing net
 u - 8 boomerangs
Armour
 q - a +0 buckler
 t - a +0 cloak (worn)
 C - +1 steam dragon scales (worn)
 P - a +2 pair of boots (worn)
 Q - a +0 pair of gloves (worn)
Jewellery
 g - a ring of poison resistance (right hand)
 B - a ring of resist corrosion
 I - a ring of see invisible
 K - the ring "Tage" {rElec rF+ Will+ Int+2}
   (You found it on level 9 of the Dungeon)

   [ring of willpower]

   Int:       It affects your intelligence (+2).
   rF:        It protects you from fire.
   rElec:     It insulates you from electricity.
   Will:      It increases your willpower.
 M - a +6 ring of dexterity (left hand)
 S - a ring of positive energy
Wands
 v - a wand of polymorph (30)
 x - a wand of paralysis (14)
 G - a wand of digging (8)
 J - a wand of mindburst (12)
 O - a wand of acid (4)
Scrolls
 a - 2 scrolls of silence
 b - 9 scrolls of teleportation
 f - 3 scrolls of blinking
 k - 2 scrolls of immolation
 o - a scroll of fear
 w - 5 scrolls of fog
 H - 2 scrolls of magic mapping
 R - a scroll of identify
Potions
 d - 2 potions of resistance
 e - 3 potions of haste
 h - 3 potions of mutation
 j - 3 potions of ambrosia
 l - 7 potions of curing
 p - 2 potions of might
 s - 4 potions of heal wounds
 z - 3 potions of brilliance
 A - 5 potions of flight
 D - 2 potions of cancellation
 F - 2 potions of attraction
 L - 2 potions of magic
Miscellaneous
 i - a phial of floods
 n - a phantom mirror
 N - a lightning rod (4/4)


   Skills:
 + Level 1.4 Fighting
 + Level 6.2 Short Blades
 + Level 5.4 Slings
 * Level 4.3 Dodging
 * Level 10.9 Stealth
 + Level 6.6 Spellcasting
 + Level 0.6 Conjurations
 * Level 12.9 Ice Magic
 * Level 10.1 Invocations
 * Level 2.7 Evocations


You had 12 spell levels left.
You knew the following spells:

 Your Spells              Type           Power      Damage    Failure   Level
a - Freeze                Ice            100%       1d11      1%          1
b - Ozocubu's Armour      Ice            51%        N/A       1%          3
c - Frozen Ramparts       Ice            100%       1d12      1%          3
d - Ensorcelled Hibernat  Hex/Ice        58%        N/A       1%          2
e - Hailstorm             Conj/Ice       30%        3d8       7%          4

Your spell library contained the following spells:

 Spells                   Type           Power      Damage    Failure   Level
 Searing Ray              Conj           16%        2d5       13%         2
 Static Discharge         Conj/Air       7%         N/A       14%         2
 Corpse Rot               Necr/Air       12%        N/A       17%         2
 Passwall                 Tmut/Erth      5%         N/A       17%         2
 Conjure Flame            Conj/Fire      7%         6-21      28%         3
 Swiftness                Air            6%         N/A       32%         3
 Tukima's Dance           Hex            6%         N/A       32%         3
 Cause Fear               Hex            3%         N/A       73%         4
 Dispel Undead            Necr           6%         3d8       73%         4
 Passage of Golubria      Tloc           6%         N/A       73%         4
 Lightning Bolt           Conj/Air       3%         1d15      95%         5
 Yara's Violent Unravell  Hex/Tmut       3%         3d4       97%         5
 Conjure Ball Lightning   Conj/Air       3%         3x3d6     100%        6
 Death Channel            Necr           3%         N/A       100%        6
 Dragon Form              Tmut           3%         N/A       100%        7
 Maxwell's Capacitive Co  Air            3%         ∞         100%        8
 Dragon's Call            Summ           3%         N/A       100%        9


Dungeon Overview and Level Annotations

Branches:
Dungeon (11/15)            Temple (0/1) D:7            Lair (5/6) D:11
 Shoals (0/4) Lair:3        Snake (0/4) Lair:3
  Slime: Lair:5-6       Orc: D:9-12

Altars:
Fedhas
Gozag
Makhleb
Nemelex Xobeh
Okawaru
Qazlal
Ru
Sif Muna
Uskayaw
Wu Jian
The Shining One

Shops:
D:2 (([


Innate Abilities, Weirdness & Mutations

You have very sharp fingernails.
You have a pair of horns on your head.
A demonic guardian rushes to your aid.
Spells you cast and wands you use may paralyse nearby enemies.


Message History

A komodo dragon comes into view.
A komodo dragon comes into view.
A dream sheep comes into view. x2
The dream sheep moves out of view.
The komodo dragon hisses angrily.
The dream sheep bleats!
You puncture the komodo dragon!
Your weapon exudes an aura of protection.
You headbutt the komodo dragon! You puncture the komodo dragon!
You hear a croak.
The komodo dragon bites you but does no damage.
You hit the komodo dragon. Your headbutt misses the komodo dragon.
You hit the komodo dragon. You hit the komodo dragon.
Your headbutt misses the komodo dragon. You barely miss the komodo dragon.
The dream sheep ruffles its wool and motes of dream dust sparkle, to no effect.
You can now pass through a line of other dancers.
The dream sheep bleats!
You hit the komodo dragon. You headbutt the komodo dragon.
You hit the komodo dragon but do no damage.
You hear a bleat!
You hear a loud, deep croak!
You hear a croak.
The komodo dragon bites you but does no damage.
You hit the komodo dragon. You puncture the komodo dragon!
You kill the komodo dragon!
The komodo dragon bites you!!
You hit the komodo dragon but do no damage.
You hit the komodo dragon. The komodo dragon bites you!!
You barely miss the komodo dragon. You hit the komodo dragon.
The dream sheep shake their wool and sparkle.
You feel drowsy...
You fall asleep.
The komodo dragon bites you!!!
You wake up.
* * * LOW HITPOINT WARNING * * *
A demonic guardian appears!
You hear a bleat! x2
Unknown command.
A dream sheep comes into view. x2
A dream sheep comes into view.
The dream sheep shake their wool and sparkle.
You feel drowsy...
You fall asleep.
The dream sheep bites you!
You die...

....... ....... .......
......... .......
#......... .##...#
........##..YY.....
......##...................
.......#..........PY.......
.................Y.....)...
...#............@l4.Y......
..#.............#..........
...#P.......#...##.........
.............##............
..............#.#..........
..............#..#...P.....
...........................
........P....PP............
...............#...........


You could see a komodo dragon (ally target), 5 dream sheep and a friendly
hellwing (summoned).

Vanquished Creatures
  Rupert (Lair:4)
  A boulder beetle (Lair:2)
  3 hydras
  2 catoblepae
  A two-headed ogre (D:11)
  2 manticores (D:11)
  A cyclops (D:10)
  5 black mambas
  4 elephants (Lair:5)
  9 cane toads
  A torpor snail (Lair:3)
  A kobold demonologist (D:10)
  A rime drake (Lair:2)
  12 komodo dragons
  2 trolls (D:9)
  A polar bear (Lair:1)
  5 dream sheep (Lair:4)
  8 wyverns
  3 wraiths
  27 yaks
  A shadow (D:7)
  3 basilisks
  2 steam dragons
  3 vampire mosquitoes (D:10)
  3 water moccasins
  4 orc warriors
  6 wolves
  2 centaurs
  4 ogres
  A black bear (D:6)
  A phantom (D:7)
  10 bullfrogs
  5 scorpions
  A gnoll sergeant (D:6)
  A wyvern skeleton (D:6)
  2 water moccasin skeletons
  6 killer bees (D:9)
  6 howler monkeys
  3 wights (D:9)
  7 centaur zombies
  3 jellies
  6 orc priests
  A gnoll shaman (D:5)
  3 hounds
  Crazy Yiuf (D:5)
  4 iguanas
  14 orc wizards
  3 killer bee zombies
  A howler monkey zombie (D:8)
  10 gnolls
  7 adders
  An ufetubus (D:5)
  2 worms
  4 dart slugs
  31 orcs
  6 ball pythons
  8 endoplasms
  2 giant cockroaches
  7 goblins
  6 hobgoblins
  3 jackals (D:2)
  2 quokkas
  A bat (D:1)
  14 frilled lizards
  5 kobolds
  2 rats (D:2)
308 creatures vanquished.

Vanquished Creatures (collateral kills)
  A komodo dragon (Lair:1)
  A wight (D:9)
  An orc wizard (D:9)
  A gnoll (D:6)
  2 orcs (D:9)
6 creatures vanquished.

Vanquished Creatures (others)
  13 fungi
  19 plants
32 creatures vanquished.

Grand Total: 346 creatures vanquished

Notes
Turn   | Place    | Note
-------+----------+-------------------------------------------
     0 | D:1      | Icepheonix32 the Demonspawn Ice Elementalist began the
                  | quest for the Orb.
     0 | D:1      | Reached XP level 1. HP: 13/13 MP: 3/3
   305 | D:1      | Reached skill level 4 in Ice Magic
   487 | D:1      | Gained mutation: Spells you cast may paralyse adjacent
                  | enemies. [demonic ancestry]
   487 | D:1      | Reached XP level 2. HP: 18/19 MP: 3/5
   665 | D:1      | Found a faded altar of an unknown god.
   975 | D:2      | Found Pamer's Antique Armour Shoppe.
   986 | D:2      | Reached XP level 3. HP: 21/24 MP: 3/6
  1057 | D:2      | Found Beng's Antique Weapon Boutique.
  1312 | D:2      | Noticed an ogre
  1325 | D:2      | Learned a level 3 spell: Ozocubu's Armour
  1373 | D:2      | Found Wumus's Weapon Shop.
  1907 | D:3      | Discovered your monstrous ancestry.
  1907 | D:3      | Gained mutation: You have sharp fingernails. [demonic
                  | ancestry]
  1907 | D:3      | Reached XP level 4. HP: 26/30 MP: 7/7
  1987 | D:3      | Reached skill level 5 in Ice Magic
  2631 | D:3      | Gained mutation: You have a pair of small horns on your
                  | head. [demonic ancestry]
  2631 | D:3      | Reached XP level 5. HP: 24/35 MP: 8/8
  2636 | D:3      | Reached skill level 1 in Slings
  3256 | D:4      | Found a shimmering blue altar of Sif Muna.
  3557 | D:4      | Reached skill level 6 in Ice Magic
  3557 | D:4      | Gained mutation: A weak demonic guardian rushes to your
                  | aid. [demonic ancestry]
  3557 | D:4      | Reached XP level 6. HP: 27/41 MP: 6/9
  3561 | D:4      | Learned a level 3 spell: Frozen Ramparts
  4375 | D:4      | Gained mutation: Spells you cast may paralyse nearby
                  | enemies. [demonic ancestry]
  4375 | D:4      | Reached XP level 7. HP: 24/46 MP: 0/10
  4578 | D:4      | Learned a level 2 spell: Ensorcelled Hibernation
  4770 | D:4      | Found a blossoming altar of Fedhas.
  5223 | D:2      | Reached skill level 1 in Short Blades
  5223 | D:2      | Reached skill level 7 in Ice Magic
  5522 | D:5      | Entered Level 5 of the Dungeon
  5925 | D:5      | Found a burning altar of Makhleb.
  6113 | D:5      | Found a hide-covered altar of Uskayaw.
  6153 | D:5      | Became a worshipper of Uskayaw the Reveller
  6170 | D:5      | Reached * piety under Uskayaw
  6172 | D:5      | Reached ** piety under Uskayaw
  6368 | D:5      | Found a stormy altar of Qazlal.
  6596 | D:5      | Found a runed translucent door.
  6597 | D:5      | Noticed Crazy Yiuf
  6612 | D:5      | Found an ornate altar of the Wu Jian Council.
  6710 | D:5      | Killed Crazy Yiuf
  6711 | D:5      | Gained mutation: A demonic guardian rushes to your aid.
                  | [demonic ancestry]
  6711 | D:5      | Reached XP level 8. HP: 52/52 MP: 3/11
  6849 | D:6      | Reached skill level 8 in Ice Magic
  7045 | D:6      | Reached skill level 5 in Stealth
  7083 | D:6      | Reached skill level 1 in Invocations
  7140 | D:6      | Reached *** piety under Uskayaw
  7264 | D:6      | Identified the +5 spear of Guile {speed, rCorr Str-3 Dex+5}
  7416 | D:6      | Reached **** piety under Uskayaw
  7857 | D:7      | Reached skill level 9 in Ice Magic
  7996 | D:7      | Reached XP level 9. HP: 57/57 MP: 10/12
  8291 | D:7      | Found a staircase to the Ecumenical Temple.
  8978 | D:8      | Reached ***** piety under Uskayaw
  8979 | D:8      | Reached skill level 10 in Ice Magic
  9183 | D:8      | Identified the +6 war axe of Insufficient Pleasure {vorpal,
                  | Drain rPois rC+ Stlth+}
  9599 | D:9      | Found a sacrificial altar of Ru.
  9796 | D:9      | Identified the ring "Tage" {rElec rF+ Will+ Int+2}
  9942 | D:9      | Gained mutation: You have a pair of horns on your head.
                  | [demonic ancestry]
  9942 | D:9      | Reached XP level 10. HP: 63/63 MP: 9/13
  9947 | D:9      | Reached skill level 5 in Invocations
 10091 | D:9      | Found an opulent altar of Gozag.
 10510 | D:9      | Learned a level 4 spell: Hailstorm
 10709 | D:9      | Found an iron altar of Okawaru.
 10739 | D:10     | Entered Level 10 of the Dungeon
 10952 | D:10     | Noticed a cyclops
 10973 | D:10     | Killed a cyclops
 11050 | D:10     | Identified 2 scrolls of acquirement
 11050 | D:10     | Acquired 947 gold pieces
 11052 | D:10     | Acquired 1142 gold pieces
 11268 | D:2      | Bought the +7 pair of quick blades "Gyre" and "Gimble"
                  | {protect} for 1500 gold pieces
 11268 | D:2      | Found the +7 pair of quick blades "Gyre" and "Gimble"
                  | {protect}
 11613 | D:10     | Reached skill level 11 in Ice Magic
 11925 | D:10     | Found a sparkling altar of Nemelex Xobeh.
 12198 | D:11     | Found a staircase to the Lair.
 12399 | D:11     | Noticed an eight-headed hydra
 12426 | D:11     | Killed an eight-headed hydra
 12427 | D:11     | Reached XP level 11. HP: 68/68 MP: 11/17
 12714 | D:11     | Noticed a two-headed ogre
 12723 | D:11     | Killed a two-headed ogre
 13402 | Lair:1   | Entered Level 1 of the Lair of Beasts
 13731 | Lair:1   | Reached skill level 5 in Spellcasting
 14175 | Lair:1   | Reached skill level 5 in Slings
 14310 | Lair:1   | Got Sif Muna's Collected Works on Destructive Summoning
 14644 | Lair:2   | Reached skill level 12 in Ice Magic
 14947 | Lair:2   | Noticed a catoblepas
 14964 | Lair:2   | Killed a catoblepas
 14965 | Lair:2   | Gained mutation: You have very sharp fingernails. [demonic
                  | ancestry]
 14965 | Lair:2   | Reached XP level 12. HP: 20/74 MP: 10/20
 15238 | Lair:2   | Noticed a boulder beetle
 15253 | Lair:2   | Reached skill level 5 in Short Blades
 15272 | Lair:2   | Killed a boulder beetle
 15860 | Lair:3   | Found a staircase to the Snake Pit.
 16471 | Lair:3   | Found a staircase to the Shoals.
 16982 | Lair:4   | Noticed Rupert
 16997 | Lair:4   | Killed Rupert
 17265 | Lair:4   | Reached skill level 10 in Stealth
 17297 | Lair:4   | Reached ****** piety under Uskayaw
 17517 | Lair:4   | Noticed a catoblepas
 17571 | Lair:4   | Killed a catoblepas
 17572 | Lair:4   | Reached skill level 1 in Evocations
 17754 | Lair:4   | Noticed a seven-headed hydra
 17765 | Lair:4   | Killed a seven-headed hydra
 17834 | Lair:4   | Noticed a seven-headed hydra
 17856 | Lair:4   | Killed a seven-headed hydra
 18409 | Lair:4   | Gained mutation: Spells you cast and wands you use may
                  | paralyse nearby enemies. [demonic ancestry]
 18409 | Lair:4   | Reached XP level 13. HP: 80/80 MP: 22/22
 18493 | Lair:4   | Reached skill level 1 in Fighting
 18498 | Lair:4   | Reached skill level 10 in Invocations
 18760 | Lair:5   | Identified the +0 scale mail of Delicate Life {-Tele Harm
                  | rElec Slay-6}
 19094 | Lair:5   | Slain by a dream sheep

Illustrated notes

Levels and vault maps discovered:
D:1:      tarquinn_simple_flora_water_f, layout_basic,
          chequers_ecumenical_altar_simple
D:2:      layout_loops_ring, serial_shops, nicolae_shop_statue_plus,
          shop_fountains, shop
D:3:      layout_loops_corners
D:4:      layout_loops_corners, kennysheep_mini_moat, led_sif_book,
          minmay_lizard_king
D:5:      layout_loops_ring, nicolae_overflow_quartered_altars,
          uniq_crazy_yiuf_cottage
D:6:      layout_loops_ring, st_stairs_3
D:7:      layout_rooms, minmay_temple_entry_antechambers, serial_bayou_pond_e,
          minmay_misc_feat_four_crosses, kennysheep_generic_room_15
D:8:      layout_basic
D:9:      layout_basic, old_standard_altar, mainiacjoe_overflow_surrounded_room,
          gammafunk_temple_overflow_statue, minivault_21
D:10:     layout_cave_pools, nemelex_spade_bored_becter
D:11:     layout_basic, lair_entry_dummy, serial_corexii_hall,
          chequers_hall_statues_y, chequers_hall_statues_wall_a,
          chequers_hall_statues_corner_a, corexii_hall_statues_s
Lair:1:   layout_regular_city
Lair:2:   layout_regular_city, grunt_megastairs_3, lemuel_fruit_tree
Lair:3:   layout_hall_layers, elwin_shoals_entry_rooms, dummy_snake_entry
Lair:4:   layout_cave_pods, beast_lair_carwin_10, grunt_megastairs_5,
          uniq_rupert
Lair:5:   layout_layer_cave, lemuel_fruit_fields, grunt_megastairs_1,
          uniq_nessos

Skill      XL: |  1  2  3  4  5  6  7  8  9 10 11 12 13 |
---------------+----------------------------------------+-----
Ice Magic      | 4 5 6 7 9 10 11 12 | 12.9
Stealth        | 2 3 4 6 7 8 10 | 10.9
Slings         | 1 3 4 5 |  5.4
Short Blades   | 1 2 3 4 6 |  6.2
Invocations    | 2 4 7 8 9 10 | 10.1
Dodging        | 2 3 4 |  4.3
Spellcasting   | 4 5 6 |  6.6
Evocations     | 2 |  2.7
Fighting       | 1 |  1.4
Conjurations   | |  0.6

Action                   |  1- 3 |  4- 6 |  7- 9 | 10-12 | 13-15 || total
-------------------------+-------+-------+-------+-------+-------++-------
Melee: Dagger            |    15 |    48 |    88 |    31 |       ||   182
       Headbutt          |       |     9 |    18 |    46 |    11 ||    84
       Pair of quick bla |       |       |       |   203 |    52 ||   255
       Spear             |       |       |       |     4 |       ||     4
 Fire: Hunting sling     |    18 |    74 |   105 |    49 |       ||   246
 Cast: Freeze            |    31 |    17 |    32 |    18 |       ||    98
       Ozocubu's Armour  |       |     6 |    13 |    27 |     1 ||    47
       Frozen Ramparts   |       |     5 |    21 |    32 |     1 ||    59
       Hailstorm         |       |       |       |     6 |     1 ||     7
       Ensorcelled Hiber |       |       |       |     3 |     1 ||     4
Evoke: Wand              |       |       |     1 |     7 |       ||     8
  Use: Scroll            |     4 |       |    16 |    10 |       ||    30
       Potion            |       |       |     2 |     6 |       ||     8
 Stab: Sleeping          |     3 |     1 |     9 |    26 |     5 ||    44
       Paralysed         |     3 |     5 |    22 |    41 |     2 ||    73
       Petrified         |       |       |       |     1 |       ||     1
Armor: Robe              |     4 |     7 |    12 |       |       ||    23
       Steam dragon scal |       |       |    26 |    69 |    15 ||   110
Dodge: Dodged            |    16 |    38 |    69 |   109 |    12 ||   244
